Tilon, neutral male gnomish Wizard -------- |......| |......| |......| ##-......| # |......| ### ------.- # # ### # # # ### #f # ## # -@-.------- ------# |.u.[.....| |....|# |)........| |...<|# |.........| |.....# |....:....| |....| |.........| ------ ----------- Tilon the Conjurer Experience level: 5 Strength: 12 Dexterity: 12 Constitution: 15 Intelligence: 18 Wisdom: 11 Charisma: 9 Health: 0(35) Energy: 44(47) Def: 2 Gold: 606 Moves: 3819 Dungeon seed: j8luy3zXmQNXgKJG Game ID: Tilon_1485394705 Your Inventory: Coins $ - 606 gold pieces Amulets t - an uncursed amulet of reflection Weapons a - a blessed +1 quarterstaff (weapon in hands) v - 7 +0 darts F - a blessed +1 dagger H - a +2 elven dagger K - a -3 orcish dagger Armor e - an uncursed +0 cloak of magic resistance (being worn) q - an uncursed +0 orcish helm (being worn) Comestibles o - an uncursed food ration Scrolls i - 2 uncursed scrolls of identify j - an uncursed scroll of food detection k - a blessed scroll of identify s - 4 uncursed scrolls of teleportation M - 2 uncursed scrolls of amnesia Q - an uncursed scroll of enchant weapon T - 2 uncursed scrolls of light Potions w - 2 uncursed potions of speed J - 2 uncursed potions of levitation Z - an uncursed potion of extra healing Rings c - an uncursed ring of conflict d - an uncursed ring of cold resistance (on left hand) p - a cursed ring of aggravate monster y - an uncursed +2 ring of gain strength z - an uncursed ring of poison resistance A - an uncursed ring of conflict B - an uncursed ring of teleport control C - an uncursed ring of free action D - an uncursed ring of fire resistance Wands b - a wand of create monster (0:12) Tools E - an uncursed magic whistle G - an uncursed mirror I - an uncursed mirror O - an uncursed lock pick Gems n - an uncursed worthless piece of red glass r - an uncursed worthless piece of green glass Y - an uncursed touchstone Spells and supernatural/magical abilities: Name Level Category Fail Memory a - force bolt 1 attack 0% 81% p - protection 1 clerical 0% 81% u - confuse monster 2 enchantment 0% 84% L - levitation 4 escape 100% 92% W - pray for help -- divine ? -- Your skills at the end: Fighting Skills Weapon Skills quarterstaff [Basic] Spellcasting Skills attack spells [Basic] enchantment spells [Basic] Final Attributes: You were piously aligned. You were cold resistant. You were magic-protected. You had infravision. You are dead. Vanquished creatures: 2 small mimics a snake a human zombie a mountain nymph a rock piercer a gnome lord a gray ooze 3 giant ants a floating eye a kobold shaman 2 giant bats a werejackal an iguana 2 acid blobs 4 coyotes 3 gas spores 2 hobbits 3 manes a large kobold 2 giant rats 4 cave spiders a yellow mold a red mold a gnome zombie 7 geckos 8 jackals 2 kobolds 4 goblins 2 sewer rats 2 grid bugs 5 lichens 2 kobold zombies 7 newts 80 creatures vanquished. Voluntary challenges: You were an atheist. You used a wielded weapon 32 times, starting on turn 261. You read items or engraved 18 times, starting on turn 498. You never genocided any monsters. You never polymorphed an object. You never changed form. You used no wishes. You never split a pudding. You wrote Elbereth's name 2 times, starting on turn 3016. You violated your moral code, losing 10 points of alignment, starting on turn 2949. Dungeon overview: The Dungeons of Doom: levels 1 to 7 Level 1 a fountain a long staircase Level 2 a jewelry store Level 3 Level 4 a general store a long staircase Level 5 a fountain, a sink Level 6 many fountains Level 7 <- You were here History has recorded: On T:1 you entered the Dungeons of Doom to retrieve the Amulet of Yendor! On T:405 you advanced to experience level 2. On T:470 you reached level 2 of The Dungeons of Doom. On T:1430 you reached level 3 of The Dungeons of Doom. On T:1769 you advanced to experience level 3. On T:2084 you reached level 4 of The Dungeons of Doom. On T:2283 you advanced to experience level 4. On T:2809 you reached level 5 of The Dungeons of Doom. On T:2852 you advanced to experience level 5. On T:3263 you reached level 6 of The Dungeons of Doom. On T:3691 you reached level 7 of The Dungeons of Doom. Score breakdown: Gold: 606 ( 9467 points) Experience: 5 levels (11141 points) Exploration: 7 levels ( 13.73%) (10392 points) Discoveries: 7 items ( 2.43%) ( 4677 points) Valuables value: (no points given unless you survive) Artifact value: 0 ( 0 points) Variety of kills: 33 monsters ( 8.66%) ( 8829 points) Turncount: 3819 turns ( -956 points) Survival: died (score multiplied by 80%) Total score: 34840 Latest messages: You see here a plate mail. You hear some noises in the distance. w - a magenta potion. J - a pink potion. The white unicorn butts! The white unicorn kicks! The white unicorn butts! The white unicorn kicks! Never mind. You see here a plate mail. You displace your large cat. (2x) Click! The large cat triggers something. The spell hits the snake! You kill the snake! The white unicorn butts! The white unicorn kicks! The white unicorn butts! You die... Final status: Goodbye Tilon the Wizard, killed by a white unicorn... You died in The Dungeons of Doom on dungeon level 7 with 34840 points, and 606 pieces of gold, after 3819 moves. You were level 5 with a maximum of 35 hit points when you died.